 Dungeon Crawl Stone Soup version 0.23.1 (webtiles) character file.

Game seed: 0

1604 laj the Cleaver (level 8, -2/71 HPs)
             Began as a Minotaur Berserker on Mar 11, 2019.
             Was a Priest of Trog.
             Slain by a wolf (5 damage)
             ... on level 8 of the Dungeon on Mar 12, 2019.
             The game lasted 00:58:10 (4999 turns).

laj the Cleaver (Minotaur Berserker)                Turns: 4999, Time: 00:58:10

Health: -2/71      AC:  8    Str: 21    XL:     8   Next: 63%
Magic:  7/7        EV: 14    Int:  4    God:    Trog [***...]
Gold:   332        SH:  0    Dex: 13    Spells: 7/7 levels left

rFire    . . .     SeeInvis .   a - +0 hand axe
rCold    + . .     Gourm    .   (no shield)
rNeg     . . .     Faith    .   w - +2 ring mail "Meetum" {rC+}
rPois    .         Spirit   .   (helmet restricted)
rElec    .         Reflect  .   (no cloak)
rCorr    .         Harm     .   (no gloves)
MR       .....                  (no boots)
Stlth    +.........             (no amulet)
HPRegen  0.21/turn              (no ring)
MPRegen  0.10/turn              (no ring)

@: lethally poisoned (-2 -> -6)
A: retaliatory headbutt, horns 2
a: Berserk, Trog's Hand, Renounce Religion


You were on level 8 of the Dungeon.
You worshipped Trog.
Trog was most pleased with you.
You were not hungry.

You visited 1 branch of the dungeon, and saw 6 of its levels.
You also visited: Ossuary.

You collected 332 gold pieces.

Inventory:

Hand Weapons
 a - a +0 hand axe (weapon)
 g - a +0 hunting sling
 l - a +0 hand axe
 u - a +1 whip of electrocution
Missiles
 h - 194 stones (quivered)
Armour
 r - a +2 hat
 v - a +0 buckler
 w - the +2 ring mail "Meetum" (worn) {rC+}
   (You found it on level 4 of the Dungeon)

   It protects you from cold.
 y - a +2 helmet
 F - a +0 chain mail
Jewellery
 n - an uncursed ring of flight
 B - an uncursed amulet of faith
 D - a cursed amulet of inaccuracy
Wands
 x - a wand of flame (16)
Scrolls
 b - 4 scrolls of fog {unknown}
 d - 4 scrolls of remove curse
 f - 2 scrolls of immolation {unknown}
 k - 3 scrolls of magic mapping
 m - a scroll of amnesia {unknown}
 o - 2 scrolls of teleportation
 p - a scroll of noise {unknown}
 t - 2 scrolls of enchant armour {unknown}
 z - 3 scrolls of enchant weapon {unknown}
 E - a scroll of blinking
 G - a scroll of identify
 H - 2 scrolls of torment {unknown}
Potions
 e - 4 potions of curing {unknown}
 i - 2 potions of agility {unknown}
 j - a potion of heal wounds {unknown}
 q - 2 potions of brilliance {unknown}
 s - a potion of degeneration {unknown}
 A - a potion of flight {unknown}
 C - 2 potions of lignification {unknown}
Comestibles
 c - 6 rations


   Skills:
 + Level 6.9 Fighting
 * Level 9.0 Axes
 + Level 6.2 Armour
 + Level 5.8 Dodging


You had 7 spell levels left.
You didn't know any spells.
Your spell library contained the following spells:

 Spells                   Type           Power        Failure   Level  Hunger
 Dazzling Spray           Conj/Hex       #.....       95%         3    ####...
 Spider Form              Tmut/Pois      #.........   95%         3    ####...
 Stone Arrow              Conj/Erth      #.....       95%         3    ####...
 Olgreb's Toxic Radiance  Pois           #.......     100%        4    #####..
 Throw Icicle             Conj/Ice       #.......     100%        4    #####..


Dungeon Overview and Level Annotations

Branches:
Dungeon (5/15)             Temple (0/1) D:5

Altars:
Dithmenos
Gozag
Nemelex Xobeh
Trog
Xom
The Shining One

Shops:
D:5 (


Innate Abilities, Weirdness & Mutations

You reflexively headbutt those who attack you in melee.
You have a pair of horns on your head.


Message History

The wolf misses you. The killer bee barely misses you.
The killer bee stings you but does no damage.
The killer bee barely misses you. The killer bee stings you.
* * * LOW HITPOINT WARNING * * *
You are more poisoned.
The killer bee poisons you! The killer bee stings you.
* * * LOW HITPOINT WARNING * * *
The killer bee stings you.
* * * LOW HITPOINT WARNING * * *
The killer bee closely misses you.
* * * LOW HITPOINT WARNING * * *
You feel sick. The killer bee completely misses you.
The killer bee closely misses you. You furiously retaliate!
You headbutt the killer bee!
You kill the killer bee!
Trog accepts your kill. The killer bee misses you.
* * * LOW HITPOINT WARNING * * *
You feel sick. The wolf bites you.
You die...

..#...###.. #.#....#..
#........#
##........##
#..........## #
#####...........####.#
..#.................#
..............hhy...#
..........Z..yy.@...#
.............y###(.##
..........O..## ##.#
............## .#
.≈≈.........# #
.≈....###..## ≈≈....#
##..# ≈.≈≈..# ##.##
≈≈....# #..######


You could see a two-headed ogre, 2 wolves, 4 killer bees and a hound skeleton.

Vanquished Creatures
  Pikel (D:4)
  2 slaves (D:4)
  4 elf zombies (Ossuary)
  A water moccasin skeleton (D:4)
  2 killer bees (D:8)
  A howler monkey (D:4)
  A jelly (D:4)
  4 centaur zombies (Ossuary)
  A hound (D:5)
  An orc priest (D:4)
  4 human zombies (Ossuary)
  An orc wizard (D:4)
  Ijyb (D:3)
  4 worker ants
  3 mummies (Ossuary)
  Robin (D:3)
  5 adders
  3 oozes
  4 worms
  3 dart slugs
  3 leopard geckos
  4 orcs
  7 bats
  4 giant cockroaches
  11 goblins
  14 hobgoblins
  11 jackals
  6 kobolds
  A quokka (D:3)
  4 frilled lizards
  A quokka skeleton (D:5)
  4 rats
117 creatures vanquished.

Notes
Turn   | Place    | Note
-------+----------+-------------------------------------------
     0 | D:1      | laj the Minotaur Berserker began the quest for the Orb.
     0 | D:1      | Reached XP level 1. HP: 19/19 MP: 0/0
   254 | D:1      | Reached XP level 2. HP: 27/27 MP: 1/1
   260 | D:1      | Reached skill level 4 in Axes
   936 | D:2      | Reached XP level 3. HP: 33/33 MP: 2/2
  1247 | D:2      | Reached XP level 4. HP: 37/40 MP: 3/3
  1249 | D:2      | Reached ** piety under Trog
  1653 | D:2      | Reached skill level 5 in Axes
  1962 | D:3      | Noticed Ijyb
  1974 | D:3      | Killed Ijyb
  1974 | D:3      | Reached XP level 5. HP: 47/47 MP: 4/4
  1989 | D:3      | Noticed Robin
  2029 | D:3      | Killed Robin
  2203 | D:3      | Found a bloodstained altar of Trog.
  2203 | D:3      | Found a glowing golden altar of the Shining One.
  2204 | D:3      | Found an opulent altar of Gozag.
  2804 | D:4      | Noticed a slave
  2830 | D:4      | Killed a slave
  3024 | D:4      | Noticed a slave
  3326 | D:4      | Reached XP level 6. HP: 55/55 MP: 5/5
  3332 | D:4      | Killed a slave
  3371 | D:4      | Reached skill level 5 in Fighting
  3371 | D:4      | Reached skill level 6 in Axes
  3396 | D:4      | Got a twisted ring mail
  3407 | D:4      | Identified the +2 ring mail "Meetum" {rC+} (You found it on
                  | level 4 of the Dungeon)
  3549 | D:4      | Found a shadowy altar of Dithmenos.
  3658 | D:4      | Noticed Pikel
  3682 | D:4      | Noticed a slave
  3684 | D:4      | Noticed a slave
  3694 | D:4      | Killed Pikel
  3694 | D:4      | Reached skill level 7 in Axes
  3694 | D:4      | Reached skill level 5 in Armour
  3694 | D:4      | Reached XP level 7. HP: 38/62 MP: 6/6
  3985 | D:4      | Found a sparkling altar of Nemelex Xobeh.
  4185 | D:5      | Entered Level 5 of the Dungeon
  4197 | D:5      | Identified Nomibuqa's Catalogue of the Blacksmith
  4252 | D:5      | Found a staircase to the Ecumenical Temple.
  4371 | D:5      | Found a shimmering altar of Xom.
  4377 | D:5      | Reached *** piety under Trog
  4377 | D:5      | Received a gift from Trog
  4587 | D:5      | Found Meiriwif's Weapon Shoppe.
  4621 | D:5      | Found a sand-covered staircase.
  4628 | Ossuary  | Entered an ossuary
  4641 | Ossuary  | Reached skill level 5 in Dodging
  4646 | Ossuary  | Reached skill level 8 in Axes
  4646 | Ossuary  | Reached XP level 8. HP: 70/70 MP: 7/7
  4968 | D:5      | You fall through a shaft for 3 floors!
  4968 | D:8      | Noticed a two-headed ogre
  4978 | D:8      | Reached skill level 9 in Axes
  4999 | D:8      | HP: 3/71 [poisoned by a killer bee]
  4999 | D:8      | Slain by a wolf

Skill      XL: |  1  2  3  4  5  6  7  8 |
---------------+-------------------------+-----
Axes           | 4 5 7 8 9 |  9.0
Fighting       | 4 5 6 |  6.9
Armour         | 3 4 5 6 |  6.2
Dodging        | 3 4 5 |  5.8

Action                   |  1- 3 |  4- 6 |  7- 9 || total
-------------------------+-------+-------+-------++-------
Melee: Hand axe          |    45 |   193 |   101 ||   339
       Headbutt          |     7 |    38 |    29 ||    74
Throw: Stone             |     3 |       |       ||     3
       Throwing net      |     1 |       |       ||     1
Invok: Berserk           |     2 |     6 |     3 ||    11
       Trog's Hand       |       |     3 |       ||     3
  Use: Scroll            |     2 |     6 |     1 ||     9
 Stab: Sleeping          |     1 |       |       ||     1
  Eat: Chunk             |     3 |    10 |     5 ||    18
       Ration            |       |     1 |     1 ||     2
Armor: Animal skin       |     4 |       |       ||     4
       Ring mail         |     2 |    49 |    24 ||    75
Dodge: Dodged            |    29 |   124 |    73 ||   226
